 Dungeon Crawl Stone Soup version 0.31-a0-743-g45f7035092 (webtiles) character file.

Game seed: 8877369553886071500

776 bigkahunaiguess the Slasher (level 7, -4/6 HPs)
             Began as a Demonspawn Gladiator on Sept 12, 2023.
             Was a Believer of Nemelex Xobeh.
             Slain by an orc
             ... wielding a +2 whip of electrocution
              (5 damage)
             ... on level 5 of the Dungeon.
             The game lasted 00:39:00 (4701 turns).

bigkahunaiguess the Slasher (Demonspawn Gladiator)  Turns: 4701, Time: 00:39:20

Health: -4/6       AC:  2    Str: 19    XL:     7   Next: 54%
Magic:  7/7        EV: 11    Int:  9    God:    Nemelex Xobeh [**....]
Gold:   178        SH:  0    Dex: 17    Spells: 6/6 levels left

rFire   . . .        a - melded +0 long sword
rCold   . . .        (shield currently unavailable)
rNeg    . . .        i - melded +2 ring mail {rC+}
rPois   .            t - melded +2 helmet
rElec   .            I - melded +0 cloak
rCorr   .            f - melded +0 pair of gloves
SInv    .            (boots currently unavailable)
Will    .....        (no amulet)
Stlth   ++           (no ring)
HPRegen 0.21/turn    (no ring)
MPRegen 0.10/turn

%: no passive effects
@: snake-form
A: constrict, reduced hp, large, (claws 1), (molten scales 1), foul stench 1
a: Begin Untransformation, Renounce Religion, Draw Escape, Draw Destruction,
Draw Summoning


You were on level 5 of the Dungeon.
You worshipped Nemelex Xobeh.
Nemelex Xobeh was pleased with you.
You were an enormous anaconda.
You visited 1 branch of the dungeon, and saw 5 of its levels.

You collected 178 gold pieces.

Inventory:

Hand Weapons
 a - a +0 long sword (melded)
 g - a +0 short sword
 m - a +0 shortbow
 n - a +2 antimagic short sword
 u - the +1 short sword "Reheolet" {protect, Fly Str+3}
   (You found it on level 2 of the Dungeon)

   Str+3:     It affects your strength (+3).
   Fly:       It grants you flight.
 H - a +0 scythe
Missiles
 d - 4 throwing nets
 e - a javelin
 p - 4 atropa-tipped darts
 w - 27 stones
 x - 7 poisoned darts
Armour
 b - a +0 leather armour
 c - a +0 helmet
 f - a +0 pair of gloves (melded)
 h - a +0 leather armour
 i - a +2 ring mail of cold resistance (melded)
 l - a +0 pair of gloves
 r - a +0 robe
 t - a +2 helmet (melded)
 G - a +0 ring mail
 I - a +0 cloak (melded)
Talismans
 y - a serpent talisman (active)
 z - a serpent talisman (active)
Scrolls
 j - 4 scrolls of identify
 k - a scroll of enchant armour
 q - a scroll of immolation {unknown}
 C - a scroll of teleportation
 F - a scroll of vulnerability {unknown}
Potions
 o - a potion of mutation {unknown}
 s - 2 potions of attraction
 v - a potion of brilliance {unknown}
 A - a potion of resistance
 B - a potion of magic {unknown}
 D - a potion of degeneration {unknown}
 E - a potion of enlightenment {unknown}


   Skills:
 + Level 3.5 Fighting
 + Level 1.0(3.7) Short Blades
 + Level 5.6(5.7) Long Blades
 + Level 2.1 Throwing
 + Level 3.3 Armour
 + Level 4.0 Dodging
 + Level 0.7 Stealth


You had 6 spell levels left.
You didn't know any spells.
Your spell library contained the following spells:

 Spells                   Type           Power      Damage    Failure   Level
 Apportation              Tloc           0%         N/A       38%         1
 Necrotise                Necr           0%         1d4       38%         1
 Summon Small Mammal      Summ           0%         N/A       38%         1
 Call Canine Familiar     Summ           0%         N/A       77%         3
 Summon Guardian Golem    Hex/Summ       0%         N/A       77%         3
 Conjure Ball Lightning   Conj/Air       0%         3x3d6     100%        6
 Discord                  Hex            0%         N/A       100%        8
 Disjunction              Tloc           0%         N/A       100%        8


Dungeon Overview and Level Annotations

Branches:
Dungeon (5/15)
 Temple: D:4-7

Altars:
Fedhas
Nemelex Xobeh
Vehumet
Wu Jian

Annotations:
D:5 Edmund


Innate Abilities, Weirdness & Mutations

You are an enormous anaconda.
You have a powerful constriction melee attack.
Your maximum health is decreased, since you lack skill for your form.
Your armour is entirely melded.
You are incapable of wielding weapons or throwing items.
((You have sharp fingernails.))
((You are partially covered in molten scales. (AC +2)))
You may rarely emit foul miasma when damaged in melee.


Message History

You begin transforming.
You continue transforming. x3
You turn into an enormous anaconda.
Your +0 long sword melds into your body.
Your +0 cloak melds into your body.
Your +2 helmet melds into your body.
Your +0 pair of gloves melds into your body.
Your +2 ring mail of cold resistance melds into your body.
You feel less resistant to cold.
HP restored.
A malevolent force fills the Dungeon...
With a horrendous wail, an alarm goes off!
A sentinel's mark forms upon you.
An orc wizard comes into view. It is wielding a +0 dagger.
The sentinel's mark upon you fades away.
The orc wizard hits you with a +0 dagger.
An orc comes into view.
It is wielding a +2 whip of electrocution.
You hit the orc wizard but do no damage.
You grab the orc wizard. You constrict the orc wizard.
The orc wizard hits you but does no damage.
You hit the orc wizard.
The orc wizard is heavily wounded.
You constrict the orc wizard, but do no damage.
The orc wizard hits you but does no damage.
You lash the orc wizard!
The orc wizard is almost dead.
You constrict the orc wizard.
You kill the orc wizard!
An orc wizard comes into view. It is wielding a +0 dagger.
The orc barely misses you.
Your base Short Blades skill increases to level 1!
The orc wizard misses you.
The orc hits you with a +2 whip of electrocution.
Ouch! That really hurt!
Things that are here:
a +0 dagger; a +0 robe; an orc corpse You hit the orc but do no damage.
Your grab misses the orc.
The orc wizard hits you with a +0 dagger.
* * * LOW HITPOINT WARNING * * *
The orc hits you with a +2 whip of electrocution.
Ouch! That really hurt!
You die...
Your body glows slightly and disappears.

##+###...รท...#
#.#####..#......#
#....##..#.####.#
....##..#.#
#...##..#.#
#...##..#.#
#...##..#.#
#...o...#.# #.oS#
###.# #.# #.# #.#
#.# #.# #####.#
######### #.....#
#.......# ##


You could see an orc wizard and an orc.

Vanquished Creatures
  The ghost of LeprechaunX the Changeling, an amateur OpSh (D:3)
  Sigmund (D:4)
  A black bear (D:3)
  A bullfrog (D:3)
  A hound (D:5)
  3 orc wizards
  Robin (D:4)
  6 adders
  A shadow imp (D:4)
  A worm (D:4)
  3 dart slugs
  12 orcs
  5 bats
  6 endoplasms
  4 giant cockroaches
  18 goblins
  9 hobgoblins
  7 kobolds
  4 quokkas
  3 ball pythons
  4 frilled lizards
  7 rats
99 creatures vanquished.

Notes
Turn   | Place    | Note
-------+----------+-------------------------------------------
     0 | D:1      | bigkahunaiguess the Demonspawn Gladiator began the quest
                  | for the Orb.
     0 | D:1      | Reached XP level 1. HP: 16/16 MP: 1/1
   161 | D:1      | Gained mutation: You are partially covered in molten
                  | scales. (AC +2) [demonic ancestry]
   161 | D:1      | Reached XP level 2. HP: 22/22 MP: 2/2
   165 | D:1      | Reached skill level 3 in Long Blades
   387 | D:1      | Gained mutation: You may rarely emit foul miasma when
                  | damaged in melee. [demonic ancestry]
   387 | D:1      | Reached XP level 3. HP: 20/27 MP: 3/3
   876 | D:2      | Found a faded altar of an unknown god.
   880 | D:2      | Upgraded the game from 0.31-a0-740-g87205ac768 to
                  | 0.31-a0-743-g45f7035092
   904 | D:2      | Identified the +1 short sword "Reheolet" {protect, Fly
                  | Str+3}
  1123 | D:2      | Prayed at the altar of an unknown god.
  1123 | D:2      | Became a worshipper of Nemelex Xobeh the Trickster
  1123 | D:2      | Reached * piety under Nemelex Xobeh
  1456 | D:2      | Reached XP level 4. HP: 32/34 MP: 4/4
  1895 | D:3      | Received a gift from Nemelex Xobeh
  2165 | D:3      | Found a runed translucent door.
  2166 | D:3      | Noticed a bullfrog
  2172 | D:3      | Noticed LeprechaunX's ghost (amateur OpSh)
  2193 | D:3      | Killed a bullfrog
  2194 | D:3      | Reached skill level 4 in Long Blades
  2194 | D:3      | Reached skill level 1 in Armour
  2194 | D:3      | Reached XP level 5. HP: 26/39 MP: 5/5
  2334 | D:3      | Found a radiant altar of Vehumet.
  2349 | D:3      | Reached ** piety under Nemelex Xobeh
  2651 | D:3      | Found a blossoming altar of Fedhas.
  2674 | D:3      | Killed LeprechaunX's ghost
  2675 | D:3      | Gained mutation: You have sharp fingernails. [demonic
                  | ancestry]
  2675 | D:3      | Reached XP level 6. HP: 38/46 MP: 6/6
  3085 | D:3      | Reached skill level 5 in Long Blades
  3215 | D:4      | Noticed Robin
  3315 | D:4      | Killed Robin
  3545 | D:4      | Reached XP level 7. HP: 43/52 MP: 7/7
  3708 | D:4      | Noticed Sigmund
  3738 | D:4      | Killed Sigmund
  4172 | D:4      | Found an ornate altar of the Wu Jian Council.
  4201 | D:5      | Entered Level 5 of the Dungeon
  4218 | D:5      | Noticed a two-headed ogre
  4230 | D:5      | Noticed Edmund
  4700 | D:5      | Reached skill level 1 in Short Blades
  4701 | D:5      | Slain by an orc

Illustrated notes

Levels and vault maps discovered:
D:1:      ncdulo_lavacross, layout_rooms
D:2:      minmay_razor_zed, layout_loops_cross, nicolae_ecumenical_pavilion
D:3:      layout_basic, fedhas_ov_isle_minmay, nicolae_vehumet_radiance,
          ebering_ghost_sewer_d
D:4:      layout_loops_ring, nzn_wu_jian_council_hall, uniq_sigmund, uniq_robin
D:5:      layout_basic, serial_shops, nicolae_shop_tiny_statue_garden, shop,
          kennysheep_little_box, shop, kennysheep_cluttered_room, uniq_edmund,
          uniq_grinder

Skill      XL: |  1  2  3  4  5  6  7 |
---------------+----------------------+-----
Long Blades    | 3 4 5 |  5.6
Dodging        | 3 4 |  4.0
Throwing       | 2 |  2.1
Armour         | 1 2 3 |  3.3
Fighting       | 3 |  3.5
Short Blades   | 1 |  1.0
Stealth        | |  0.7

Action                     |  1- 3 |  4- 6 |  7- 9 || total
---------------------------+-------+-------+-------++-------
  Melee: Long sword        |   124 |   145 |    33 ||   302
         Punch             |       |     1 |     2 ||     3
         Short sword       |       |       |    35 ||    35
         Unarmed           |       |       |     4 ||     4
         Constrict         |       |       |     1 ||     1
  Throw: Dart              |       |     2 |       ||     2
         Throwing net      |       |       |     3 ||     3
 Invoke: Draw Destruction  |       |     1 |     2 ||     3
    Use: Scroll            |       |     4 |     4 ||     8
   Stab: Held in net/web   |       |       |     1 ||     1
 Armour: Leather armour    |    15 |       |       ||    15
         Ring mail         |   155 |   158 |    29 ||   342
         Skin              |       |       |     6 ||     6
  Dodge: Dodged            |   161 |   135 |    38 ||   334
   Form: Anaconda          |       |       |     1 ||     1

Table legend: (Time is in decaauts)
 A = Elapsed time spent in this place.
 B = Non-inter-level travel time spent in this place.
 C = Inter-level travel time spent in this place.
 D = Time resting spent in this place.
 E = Time spent auto-exploring this place.
 F = Levels seen in this place.
 G = Mean time per level.
                   A        B        C        D        E       F      G
               +--------+--------+--------+--------+--------+-----+--------+
         Total |   4764 |   3374 |   1390 |    588 |      0 |   5 |  952.8 |
       Dungeon |   4764 |   3374 |   1390 |    588 |      0 |   5 |  952.8 |
               +--------+--------+--------+--------+--------+-----+--------+

Top non-repeatable levels by time:
     D:3: 1373 daAuts
     D:4: 1056 daAuts
     D:2: 964 daAuts
     D:1: 908 daAuts
     D:5: 461 daAuts
